 Dungeon Crawl Stone Soup version 0.25-a0-949-gdd2af9e06e (webtiles) character file.

Game seed: 2355214866026365848, levelgen mode: deterministic

95 Flugslaktarn the Covered (level 4, -2/40 HPs)
             Began as a Minotaur Fighter on May 9, 2020.
             Slain by an orc
             ... wielding a +0 club
              (5 damage)
             ... on level 3 of the Dungeon.
             The game lasted 00:00:30 (496 turns).

Flugslaktarn the Covered (Minotaur Fighter)          Turns: 496, Time: 00:00:30

Health: -2/40      AC:  1    Str: 20    XL:     4   Next: 40%
Magic:  3/3        EV:  9    Int:  5    God:
Gold:   59         SH:  9    Dex: 11    Spells: 3/3 levels left

rFire    . . .     SeeInvis .   a - +0 war axe
rCold    . . .     Gourm    .   c - +0 kite shield
rNeg     . . .     Faith    .   (no armour)
rPois    .         Spirit   .   (helmet restricted)
rElec    .         Reflect  .   (no cloak)
rCorr    .         Harm     .   (no gloves)
MR       .....                  h - +0 pair of boots
Stlth    +.........             (no amulet)
HPRegen  0.13/turn              (no ring)
MPRegen  0.08/turn              (no ring)

@: mighty
A: retaliatory headbutt, horns 2
a: no special abilities


You were on level 3 of the Dungeon.
You were not hungry.

You visited 1 branch of the dungeon, and saw 3 of its levels.

You collected 59 gold pieces.

Inventory:

Hand Weapons
 a - a +0 war axe (weapon)
Armour
 b - a +0 scale mail
 c - a +0 kite shield (worn)
 d - a +0 plate armour
   (You found it on level 3 of the Dungeon)
 h - a +0 pair of boots (worn)
   (You found it on level 2 of the Dungeon)
Jewellery
 i - an uncursed ring of magical power {unknown}
   (You found it on level 2 of the Dungeon)
Wands
 k - a wand of paralysis (8)
   (You found it on level 2 of the Dungeon)
Scrolls
 f - 3 scrolls of teleportation {unknown}
 g - a scroll of noise {unknown}
 j - a scroll of remove curse {unknown}
 n - a scroll of enchant armour {unknown}
 o - a scroll of amnesia {unknown}
Comestibles
 e - 4 rations
 l - 4 chunks of flesh


   Skills:
 + Level 4.2 Fighting
 * Level 4.1 Axes
 + Level 4.3 Armour
 + Level 4.2 Shields


You had 3 spell levels left.
You didn't know any spells.
Your spell library was empty.

Dungeon Overview and Level Annotations

Branches:
Dungeon (3/15)

Altars:
Elyvilon


Innate Abilities, Weirdness & Mutations

You reflexively headbutt those who attack you in melee.
You have a pair of horns on your head.


Message History

You are too injured to fight recklessly!
You are too injured to fight recklessly!
You slash the orc!
You kill the orc!
Things that are here:
a +0 mace; an orc corpse The orc hits you with a +0 club.
* * * LOW HITPOINT WARNING * * *
An orc comes into view. It is wielding a +0 hand axe.
You barely miss the orc.
The orc shouts!
You block the orc's attack. The orc closely misses you.
You barely miss the orc. You headbutt the orc.
The orc is severely wounded.
The orc hits you with a +0 club.
* * * LOW HITPOINT WARNING * * *
You closely miss the orc.
The orc is severely wounded.
The orc hits you with a +0 club.
You die...

....### #.#
#.............. ...#..
#..............
...##.##+##...........#
......................#
................o.....#
......................#
.........()......o....#
..........).....@.....#
...###...##....)......#
...###...##...........#
...#....>##...........#
...#.#...##...........#
...#.##################
...#.# ...#.# ...#.#


You could see 2 orcs.

Vanquished Creatures
  An orc priest (D:3)
  An orc wizard (D:3)
  An adder (D:2)
  A worm (D:3)
  A dart slug (D:3)
  3 orcs (D:3)
  2 goblins
  A hobgoblin (D:2)
  3 jackals (D:2)
  A ball python (D:2)
  A bat (D:2)
  2 frilled lizards (D:2)
  3 kobolds
  2 rats
23 creatures vanquished.

Notes
Turn   | Place    | Note
-------+----------+-------------------------------------------
     0 | D:1      | Flugslaktarn the Minotaur Fighter began the quest for the
                  | Orb.
     0 | D:1      | Reached XP level 1. HP: 19/19 MP: 0/0
   230 | D:2      | Reached XP level 2. HP: 27/27 MP: 1/1
   312 | D:3      | Reached XP level 3. HP: 23/33 MP: 2/2
   409 | D:3      | Found a white marble altar of Elyvilon.
   478 | D:3      | Reached XP level 4. HP: 12/40 MP: 3/3
   496 | D:3      | Slain by an orc

Levels and vault maps discovered:
D:1:      grunt_arrival_lava_bath, layout_loops_ring, nrook_mini_backslash
D:2:      layout_rooms
D:3:      kennysheep_goblin_castle, layout_basic, elyvilon_altar_4, uniq_grinder

Skill      XL: |  1  2  3 |
---------------+----------+-----
Axes           | 3 4 |  4.1
Fighting       | 4 |  4.2
Armour         | 4 |  4.3
Shields        | 4 |  4.2

Action                   |  1- 3 |  4- 6 || total
-------------------------+-------+-------++-------
Melee: War axe           |    48 |     5 ||    53
       Headbutt          |     6 |     1 ||     7
  Use: Potion            |     2 |       ||     2
Armor: Scale mail        |    32 |       ||    32
Dodge: Dodged            |    18 |     1 ||    19
Block: Kite shield       |    33 |     3 ||    36

Table legend:
 A = Non-vault XP
 B = Vault XP
 C = Vault XP percentage of total XP
 D = Non-vault monster count
 E = Vault monster count
 F = Vault count percentage of total count
                 A         B        C        D         E       F
            +---------+---------+-------+---------+---------+-------
      Total |     137 |       0 |   0.0 |      23 |       0 |   0.0
            +---------+---------+-------+---------+---------+-------
        D:1 |       4 |       0 |   0.0 |       3 |       0 |   0.0
        D:2 |      26 |       0 |   0.0 |       9 |       0 |   0.0
        D:3 |     107 |       0 |   0.0 |      11 |       0 |   0.0
            +---------+---------+-------+---------+---------+-------
